 Dungeon Crawl Stone Soup version 0.27-a0-1140-g099f9bb0e8 (webtiles) character file.

Game seed: 15140295524807580587

3 Whiskey the Magician (level 1, -6/16 HPs)
             Began as a Djinni Summoner on May 10, 2021.
             Mangled by a gnoll
             ... wielding a +1 vampiric spear
              (9 damage)
             ... on level 1 of the Dungeon.
             The game lasted 00:00:47 (162 turns).

Whiskey the Magician (Djinni Summoner)               Turns: 162, Time: 00:00:48

Health: -6/16      AC:  2    Str:  7    XL:     1   Next: 50%
Gold:   20         EV: 12    Int: 16    God:
                   SH:  0    Dex: 13

rFire    + + .     SeeInvis .   b - +0 war axe
rCold    x . .     Faith    .   (no shield)
rNeg     . . .     Spirit   .   a - +0 robe
rPois    ∞         Reflect  .   (no helmet)
rElec    .         Harm     .   (no cloak)
rCorr    .         Rampage  .   (no gloves)
Will     .....                  (boots unavailable)
Stlth    ++........             (no amulet)
HPRegen  0.05/turn              (no ring)
MPRegen  0.00/turn              (no ring)

@: flying
A: sickness immunity, fire resistance 2, cold vulnerability 1, float, innate
caster, hp casting, extra vitality 1
a: no special abilities


You were on level 1 of the Dungeon.
You visited 1 branch of the dungeon, and saw 1 of its levels.

You collected 20 gold pieces.

Inventory:

Hand Weapons
 b - a +0 war axe (weapon)
   (You found it on level 1 of the Dungeon)
Armour
 a - a +0 robe (worn)


   Skills:
 + Level 0.3 Fighting
 + Level 2.3 Dodging
 - Level 1.5 Stealth
 + Level 3.6 Spellcasting


You couldn't memorise any spells.
You knew the following spells:

 Your Spells              Type           Power      Damage    Failure   Level
a - Summon Small Mammal   Summ           56%        N/A       4%          1
b - Call Canine Familiar  Summ           14%        N/A       12%         3
c - Call Imp              Summ           14%        N/A       6%          2
d - Summon Guardian Gole  Hex/Summ       14%        N/A       12%         3
e - Summon Lightning Spi  Summ/Air       14%        N/A       36%         4
f - Summon Ice Beast      Ice/Summ       14%        N/A       36%         4
Your spell library was empty.

Dungeon Overview and Level Annotations

Branches:
Dungeon (1/15)

Altars:

Shops:
D:1 [


Innate Abilities, Weirdness & Mutations

You are immune to sickness and miasma.
You are immune to poison.
Your flesh is very heat resistant. (rF++)
You are vulnerable to cold. (rC-)
You float through the air rather than walking.
You learn spells naturally, not from books.
Your magical power is your life essence.
You have superior vitality. (+4 HP)


Message History

Options error: Bad object type '%}\|' for autopickup. (~/.crawlrc:772) Welcome, Whiskey the Djinni Summoner.
The bosom of this dungeon contains the legendary artefact, the Orb of Zot.
Found a war axe and 9 gold pieces.
Found a staircase leading out of the dungeon.
You begin with the following spells memorised: Summon Small Mammal, Call Imp, Call Canine Familiar, Summon Guardian Golem, Summon Lightning Spire, Summon Ice Beast.
You see here a +0 war axe.
b - a +0 war axe
b - a +0 war axe (weapon)
You now have 9 gold pieces.
You now have 20 gold pieces (gained 11).
A goblin comes into view. It is wielding a +0 club.
The goblin shouts!
The goblin closely misses you.
You closely miss the goblin. The goblin hits you with a +0 club. x2
You take 6 damage, and have 9/15 hp.
MASSIVE DAMAGE!!
You slash the goblin!
You kill the goblin!
No target in view!
No target in view!
No target in view!
No target in view!
No target in view!
No target in view!
No target in view!
No target in view!
No target in view!
No target in view!
No target in view!
No target in view!
No target in view!
No target in view!
Found Fed Gumooq's Armour Boutique.
Health restored: 15 No target in view!
No target in view!
A frilled lizard comes into view.
The frilled lizard hisses angrily.
A gnoll comes into view. It is wielding a +1 vampiric spear.
A goblin comes into view. It is wielding a +0 club.
The gnoll shouts!
The goblin shouts!
You hear a shout!
You slash the frilled lizard!
You kill the frilled lizard!
A goblin comes into view. It is wielding a +0 club.
You slash the goblin!
You kill the goblin!
The gnoll hits you from afar with a +1 vampiric spear.
The gnoll closely misses you.
You take 4 damage, and have 11/16 hp.
MASSIVE DAMAGE!!
The gnoll hits you with a +1 vampiric spear.
You take 1 damage, and have 10/16 hp.
You hit the gnoll but do no damage. The gnoll completely misses you.
You slash the gnoll!
The gnoll hits you with a +1 vampiric spear!
Ouch! That really hurt!
* * * LOW HITPOINT WARNING * * *
The gnoll closely misses you.
You are too injured to fight recklessly!
You take 8 damage, and have 2/16 hp.
MASSIVE DAMAGE!!
You are too injured to fight recklessly!
You are too injured to fight recklessly!
You are too injured to fight recklessly!
You are too injured to fight recklessly!
You are too injured to fight recklessly!
You are too injured to fight recklessly!
You are too injured to fight recklessly!
You are too injured to fight recklessly!
You are too injured to fight recklessly!
You are too injured to fight recklessly!
Okay, then.
Sorry, you're not good enough to have a special ability.
The gnoll hits you from afar with a +1 vampiric spear!
Ouch! That really hurt!
You die...

###... #......
##.......
#........
#........
#........
##.g.⌠....
###...∩.....
.######..@)⌠.⌠....
.........g#.......
######.##........
###....# ........
##...#### ........
#..### ........
###.## ........
#...###### ......
######..........


You could see a gnoll and a goblin.

Vanquished Creatures
  2 goblins (D:1)
  A frilled lizard (D:1)
3 creatures vanquished.

Notes
Turn   | Place    | Note
-------+----------+-------------------------------------------
     0 | D:1      | Whiskey the Djinni Summoner began the quest for the Orb.
     0 | D:1      | Reached XP level 1. HP: 15/15 MP: 0/0
   152 | D:1      | Found Fed Gumooq's Armour Boutique.
   161 | D:1      | HP: 2/16 [gnoll/+1 vampiric spear (8)]
   162 | D:1      | Mangled by a gnoll

Illustrated notes

Levels and vault maps discovered:
D:1:      nicolae_arrival_washed_ashore, layout_rooms,
          hellmonk_ecumenical_altar_leap_of_faith, serial_shops, shop_fountains

Action                   || total
-------------------------++-------
Melee: War axe           ||     6
Dodge: Dodged            ||     4

Table legend: (Time is in decaauts)
 A = Elapsed time spent in this place.
 B = Non-inter-level travel time spent in this place.
 C = Inter-level travel time spent in this place.
 D = Time resting spent in this place.
 E = Time spent auto-exploring this place.
 F = Levels seen in this place.
 G = Mean time per level.
                   A        B        C        D        E       F      G
               +--------+--------+--------+--------+--------+-----+--------+
         Total |    164 |    164 |      0 |      0 |    141 |   1 |  164.0 |
       Dungeon |    164 |    164 |      0 |      0 |    141 |   1 |  164.0 |
               +--------+--------+--------+--------+--------+-----+--------+

Top non-repeatable levels by time:
     D:1: 164 daAuts

Table legend:
 A = Kills in this place as a percentage of kills in entire the game.
 B = Kills by you in this place as a percentage of kills by you in the entire game.
 C = Kills by friends in this place as a percentage of kills by friends in the entire game.
 D = Other kills in this place as a percentage of other kills in the entire game.
 E = Experience gained in this place as a percentage of experience gained in the entire game.
 F = Experience gained in this place divided by the number of levels of this place that you have seen.
                   A       B       C       D       E      F
               +-------+-------+-------+-------+-------+----------------------
         Total | 100.0 | 100.0 |   N/A |   N/A | 100.0 |   5.0
       Dungeon | 100.0 | 100.0 |   N/A |   N/A | 100.0 |   5.0
               +-------+-------+-------+-------+-------+----------------------
